 Dungeon Crawl Stone Soup version 0.30-a0-174-gbc10bd73c2 (webtiles) character file.

Game seed: 10968365806623472442

433 qw the Chopper (level 7, -1/43 HPs)
             Began as a Gargoyle Fighter on Oct 1, 2022.
             Slain by a steam dragon (4 damage)
             ... on level 4 of the Dungeon.
             The game lasted 00:01:30 (3123 turns).

qw the Chopper (Gargoyle Fighter)                   Turns: 3123, Time: 00:01:31

Health: -1/43      AC: 13    Str: 21    XL:     7   Next: 0%
Magic:  7/7        EV:  9    Int:  9    God:
Gold:   152        SH:  9    Dex:  9    Spells: 6/6 levels left

rFire   . . .      SeeInvis +    Y - +1 war axe
rCold   . . .      Faith    .    c - +0 buckler
rNeg    + . .      Spirit   .    b - +0 scale mail
rPois   inf        Reflect  +    m - +0 helmet
rElec   +          Harm     .    (no cloak)
rCorr   .          Rampage  .    o - +0 pair of gloves
Will    .....                    (no boots)
Stlth   ..........               g - amulet of reflection
HPRegen 0.27/turn                n - ring of see invisible
MPRegen 0.10/turn                (no ring)

@: no status effects
A: sickness immunity, AC +4, negative energy resistance 1, electricity
resistance, torment resistance 1, petrification resistance
a: no special abilities


You were on level 4 of the Dungeon.
You visited 1 branch of the dungeon, and saw 4 of its levels.
You also visited: Ossuary.

You collected 264 gold pieces.
You spent 112 gold pieces at shops.


Innate Abilities, Weirdness & Mutations

You are immune to sickness and miasma.
Your stone body is resilient. (AC +4)
You are immune to poison.
You resist negative energy. (rN+)
You are resistant to electric shocks. (rElec)
You are resistant to unholy torment.
You are immune to petrification.


   Skills:
 - Level 4.3 Fighting
 + Level 5.8 Axes
 - Level 3.2 Armour
 - Level 1.4 Dodging
 - Level 3.2 Shields


You had 6 spell levels left.
You didn't know any spells.
Your spell library was empty.

Inventory:

Hand Weapons
 l - a +0 whip
 Y - a +1 war axe (weapon)
Armour
 b - a +0 scale mail (worn)
 c - a +0 buckler (worn)
 m - a +0 helmet (worn)
 o - a +0 pair of gloves (worn)
Jewellery
 g - an amulet of reflection (around neck)
 n - a ring of see invisible (left hand)
Scrolls
 k - 2 scrolls of identify
Potions
 a - a potion of mutation
 d - a potion of might
 e - a potion of resistance
 h - a potion of heal wounds
 i - a potion of curing
 j - 2 potions of haste
 p - a potion of lignification

Dungeon Overview and Level Annotations

Branches:
Dungeon (4/15)            Ossuary (visited)
 Temple: D:4-7

Altars:
Gozag
Kikubaaqudgha

Shops:
D:3 [


Message History

You see here a potion of magic.
You barely miss the ball python.
The ball python bites you but does no damage.
The ball python grabs you. The ball python constricts you.
The ball python bites you but does no damage.
The ball python constricts you.
You barely miss the ball python.
The ball python bites you but does no damage.
The ball python constricts you. You block the ball python's attack.
The ball python constricts you.
You slash the ball python!
You kill the ball python!
A steam dragon comes into view.
The steam dragon hisses angrily.
3115 ||| Stepping ~*~*~tactically~*~*~ (hiding).
3116 ||| Stepping ~*~*~tactically~*~*~ (hiding).
You start waiting.
A steam dragon is nearby!
You closely miss the steam dragon. The steam dragon barely misses you.
The steam dragon claws you but does no damage.
You hit the steam dragon.
The steam dragon is lightly wounded.
The steam dragon breathes steam at you. The ball of steam hits you.
You slash the steam dragon!
The steam dragon is heavily wounded.
You are engulfed in a cloud of scalding steam.
The steam dragon closely misses you. You block the steam dragon's attack.
The steam dragon bites you!
The steam dragon claws you but does no damage.
You hit the steam dragon but do no damage.
The steam dragon is heavily wounded.
You are engulfed in a cloud of scalding steam.
You block the steam dragon's attack. The steam dragon barely misses you.
You hit the steam dragon.
The steam dragon is severely wounded.
You are engulfed in a cloud of scalding steam.
You block the steam dragon's attack. The steam dragon claws you.
You die...

#.## #.#
#.# #.#
#.# #.#
#.#
##ยค#
#.@#
#D##
#......#
#.#.##.#
#...D.
#.+ #+.
..# .#
.## # .


You could see a steam dragon (catching breath).

Vanquished Creatures
  2 elf zombies (Ossuary)
  A scorpion (D:4)
  A human zombie (Ossuary)
  5 mummies
  A gnoll (D:1)
  4 adders
  An adder zombie (Ossuary)
  A worm (D:4)
  A dart slug (D:1)
  An orc (D:4)
  6 ball pythons
  8 bats
  7 endoplasms
  2 giant cockroaches
  3 goblins
  14 hobgoblins
  9 jackals
  A quokka (D:2)
  5 frilled lizards
  3 jackal zombies (Ossuary)
  9 kobolds
  A kobold zombie (Ossuary)
  3 orc zombies (Ossuary)
  5 rats
  A rat zombie (Ossuary)
95 creatures vanquished.

Notes
Turn   | Place    | Note
-------+----------+-------------------------------------------
     0 | D:1      | qw the Gargoyle Fighter began the quest for the Orb.
     0 | D:1      | Reached XP level 1. HP: 14/14 MP: 1/1
     0 | D:1      | 0 ||| qw: Version: 0.2-a-13-gfc7b4b4
     0 | D:1      | 0 ||| qw: Game counter: 1952
     0 | D:1      | 0 ||| qw: Always use a shield: true
     0 | D:1      | 0 ||| qw: God list: Okawaru
     0 | D:1      | 0 ||| qw: Allow faded altars: false
     0 | D:1      | 0 ||| qw: Do Orc after D:15 true
     0 | D:1      | 0 ||| qw: Do second Lair branch before Depths: true
     0 | D:1      | 0 ||| qw: Lair rune preference: random
     0 | D:1      | 0 ||| qw: Plans: Normal, Zot:1-4, God:TSO, Crypt, Tomb,
                  | Pan, Slime:5, Hells, Abyss, Orb
     0 | D:1      | 0 ||| PLANNING D:1-11
    76 | D:1      | Reached skill level 2 in Axes
   136 | D:1      | 136 ||| Stepping ~*~*~tactically~*~*~ (stealth).
   154 | D:1      | Reached XP level 2. HP: 19/19 MP: 2/2
   194 | D:1      | 194 ||| Stepping ~*~*~tactically~*~*~ (stealth).
   324 | D:1      | Reached skill level 3 in Axes
   328 | D:1      | Reached XP level 3. HP: 23/23 MP: 3/3
   329 | D:1      | 329 ||| Stepping ~*~*~tactically~*~*~ (stealth).
   348 | D:1      | 348 ||| Stepping ~*~*~tactically~*~*~ (stealth).
   352 | D:1      | 352 ||| DROPPING +0 club.
   353 | D:1      | 353 ||| Stepping ~*~*~tactically~*~*~ (stealth).
   406 | D:1      | 406 ||| Stepping ~*~*~tactically~*~*~ (stealth).
   943 | D:1      | 943 ||| UPGRADING to amulet of reflection.
   948 | D:1      | 948 ||| READING scroll labelled NEIHASK MOXT.
   949 | D:1      | 949 ||| READING scroll labelled UCZE PIMYO.
  1077 | D:2      | 1077 ||| Stepping ~*~*~tactically~*~*~ (stealth).
  1083 | D:2      | Reached XP level 4. HP: 28/28 MP: 4/4
  1159 | D:2      | Reached skill level 4 in Axes
  1207 | D:2      | 1207 ||| Stepping ~*~*~tactically~*~*~ (stealth).
  1208 | D:2      | 1208 ||| Stepping ~*~*~tactically~*~*~ (stealth).
  1275 | D:2      | Found an ancient bone altar of Kikubaaqudgha.
  1415 | D:2      | 1415 ||| Stepping ~*~*~tactically~*~*~ (stealth).
  1625 | D:2      | Found a faded altar of an unknown god.
  1628 | D:2      | 1628 ||| UPGRADING to ring of see invisible.
  1629 | D:2      | 1629 ||| READING 4 scrolls labelled CIMUCU UTIAB FIA.
  1647 | D:2      | 1647 ||| READING 2 scrolls labelled DIBIOCWAPO.
  1648 | D:2      | 1648 ||| READING scroll labelled GOTAG QURAUZA.
  1749 | D:2      | 1749 ||| READING scroll labelled AGAXTU KILEN.
  1750 | D:2      | 1750 ||| DRINKING 2 metallic grey potions.
  1751 | D:2      | 1751 ||| READING 2 scrolls of identify.
  1751 | D:2      | 1751 ||| IDENTIFYING coppery potion
  1752 | D:2      | 1752 ||| DROPPING 3 scrolls of torment.
  1753 | D:2      | 1753 ||| DROPPING scroll of noise.
  1754 | D:2      | 1754 ||| DROPPING potion of magic.
  1846 | D:3      | 1846 ||| Stepping ~*~*~tactically~*~*~ (stealth).
  1847 | D:3      | 1847 ||| Stepping ~*~*~tactically~*~*~ (stealth).
  2105 | D:3      | 2105 ||| READING scroll labelled NEJUES WUFAS.
  2106 | D:3      | 2106 ||| DRINKING 3 viscous ruby potions.
  2107 | D:3      | 2107 ||| DROPPING 2 potions of brilliance.
  2287 | D:3      | Found an opulent altar of Gozag.
  2335 | D:3      | Found Jejev's Antique Armour Emporium.
  2340 | D:3      | 2340 ||| BUYING helmet (112 gold).
  2340 | D:3      | Bought a helmet for 112 gold pieces
  2340 | D:3      | 2340 ||| SHOPLISTING shiny chain mail (187 gold, have 70).
  2340 | D:3      | 2340 ||| SHOPLISTING shiny orb (300 gold, have 70).
  2357 | D:3      | Reached XP level 5. HP: 32/32 MP: 5/5
  2450 | D:3      | 2450 ||| UPGRADING to +0 helmet.
  2455 | D:3      | 2455 ||| UPGRADING to +0 pair of gloves.
  2460 | D:3      | 2460 ||| READING scroll labelled JYXYKK UNEGEO.
  2464 | D:3      | 2464 ||| READING 2 scrolls of identify.
  2464 | D:3      | 2464 ||| IDENTIFYING fizzy puce potion
  2469 | D:4      | 2469 ||| PLANNING OSSUARY
  2508 | D:4      | Reached skill level 5 in Axes
  2555 | D:4      | 2555 ||| Stepping ~*~*~tactically~*~*~ (stealth).
  2701 | D:4      | Found a sand-covered staircase.
  2702 | D:4      | 2702 ||| DROPPING amulet of the acrobat.
  2719 | Ossuary  | Entered an ossuary
  2735 | Ossuary  | Reached XP level 6. HP: 20/38 MP: 6/6
  2751 | Ossuary  | HP: 9/38 [elf zombie (6)]
  2752 | Ossuary  | 2752 ||| DRINKING 2 potions of heal wounds.
  2754 | Ossuary  | Reached skill level 1 in Dodging
  2963 | Ossuary  | Reached XP level 7. HP: 43/43 MP: 7/7
  2979 | Ossuary  | 2979 ||| DRINKING 5 orange potions.
  2980 | Ossuary  | 2980 ||| DRINKING 2 metallic orange potions.
  2981 | Ossuary  | 2981 ||| READING 6 scrolls of identify.
  2981 | Ossuary  | 2981 ||| IDENTIFYING bubbling pink potion
  2982 | Ossuary  | 2982 ||| READING 5 scrolls of identify.
  2982 | Ossuary  | 2982 ||| IDENTIFYING pink potion
  2983 | Ossuary  | 2983 ||| READING 4 scrolls of identify.
  2983 | Ossuary  | 2983 ||| IDENTIFYING inky potion
  2984 | Ossuary  | 2984 ||| READING 3 scrolls of identify.
  2984 | Ossuary  | 2984 ||| IDENTIFYING black potion
  2985 | Ossuary  | 2985 ||| DROPPING 4 potions of flight.
  2986 | Ossuary  | 2986 ||| DROPPING potion of berserk rage.
  2999 | D:4      | 2999 ||| PLANNING SEWER
  3058 | D:4      | 3058 ||| RIP SEWER
  3094 | D:4      | 3094 ||| PLANNING D:1-11
  3114 | D:4      | Noticed a steam dragon
  3115 | D:4      | 3115 ||| Stepping ~*~*~tactically~*~*~ (hiding).
  3116 | D:4      | 3116 ||| Stepping ~*~*~tactically~*~*~ (hiding).
  3123 | D:4      | HP: 3/43 [steam dragon] (18)]
  3123 | D:4      | Slain by a steam dragon

Levels and vault maps discovered:
D:1:      zaba_arrival_water, layout_basic, st_stairs_12
D:2:      layout_basic, dilly_ecumenical_altar_fadedgnrine, basic_altar,
          minmay_misc_feat_chi
D:3:      layout_basic, mainiacjoe_overflow_six_doors_small, serial_shops,
          shop_fountains, minmay_fractal_squares_gapless_5
D:4:      minmay_bubble_buster, layout_loops_ring, serial_shops,
          nicolae_shop_hallway_plus, gup_ossuary_entry_pyramid,
          gup_sewer_entry_bowl, hangedman_abyss_or_decor_stabs,
          uniq_crazy_yiuf_cottage

Skill      XL: |  1  2  3  4  5  6 |
---------------+-------------------+-----
Axes           | 2 3 4 5 |  5.8
Fighting       | 4 |  4.3
Dodging        | 1 |  1.4
Armour         | |  3.2
Shields        | |  3.2

Action                   |  1- 3 |  4- 6 |  7- 9 || total
-------------------------+-------+-------+-------++-------
Melee: War axe           |   124 |   160 |     8 ||   292
  Use: Scroll            |     2 |     8 |     4 ||    14
       Potion            |       |     3 |     2 ||     5
Armor: Scale mail        |    68 |    78 |     5 ||   151
Dodge: Dodged            |    53 |    60 |     3 ||   116
Block: Buckler           |    33 |    71 |     4 ||   108
       Reflection        |       |     2 |       ||     2

Table legend:
 A = Non-vault XP
 B = Vault XP
 C = Vault XP percentage of total XP
 D = Non-vault monster count
 E = Vault monster count
 F = Vault count percentage of total count
                 A         B        C        D         E       F
            +---------+---------+-------+---------+---------+-------
      Total |     268 |     351 |  56.7 |      74 |      21 |  22.1
            +---------+---------+-------+---------+---------+-------
        D:1 |      66 |       4 |   5.7 |      31 |       2 |   6.1
        D:2 |      62 |       0 |   0.0 |      23 |       0 |   0.0
        D:3 |      40 |       3 |   7.0 |      10 |       2 |  16.7
        D:4 |     100 |      18 |  15.3 |      10 |       1 |   9.1
    Ossuary |       0 |     326 | 100.0 |       0 |      16 | 100.0
            +---------+---------+-------+---------+---------+-------
